 Dungeon Crawl Stone Soup version 0.16.2-2-g470672f (webtiles) character file.

420 hannobal the Conjurer (level 6, -1/47 HPs)
             Began as a Draconian Air Elementalist on Aug 30, 2015.
             Was a Follower of Vehumet.
             Slain by a fire bat (5 damage)
             ... on level 5 of the Dungeon on Aug 31, 2015.
             The game lasted 00:17:01 (4078 turns).

hannobal the Conjurer (Draconian Air Elementalist)  Turns: 4078, Time: 00:17:01

Health: -1/47      AC:  7    Str: 11    XL:     6   Next: 62%
Magic:  0/15       EV: 12    Int: 17    God:    Vehumet [*.....]
Gold:   189        SH:  0    Dex: 11    Spells: 4 memorised, 3 levels left

rFire  . . .     SeeInvis .     A - -2 war axe (curse)
rCold  . . .     Clarity  .     (armour unavailable)
rNeg   . . .     SustAb   .     (no shield)
rPois  .         Gourm    .     (helmet restricted)
rElec  .         Spirit   +     l - +0 cloak
rCorr  .         Warding  .     (no gloves)
rMut   .         Stasis   .     (no boots)
MR     .....                    t - amulet of guardian spirit
Stlth  ++........               (no ring)
                                (no ring)

@: repel missiles, not resistant to hostile enchantments, unstealthy
A: unfitting armour, cold-blooded, AC +6
a: Renounce Religion


You were on level 5 of the Dungeon.
You worshipped Vehumet.
Vehumet was aware of your devotion.
You were not hungry.

You visited 1 branch of the dungeon, and saw 5 of its levels.

You collected 189 gold pieces.

Inventory:

Hand weapons
 o - a +0 whip
 u - a +0 mace
 x - a +0 dire flail
 A - a cursed -2 war axe (weapon)
 D - a +0 morningstar
Missiles
 h - 9 bolts of flame
 n - 58 arrows
 r - 3 needles of confusion
 y - 94 stones (quivered)
 B - 14 poisoned needles
Armour
 l - a +0 cloak (worn)
Jewellery
 p - an uncursed amulet of warding
 t - an amulet of guardian spirit (around neck)
Magical devices
 C - a wand of polymorph (0)
Scrolls
 i - a scroll of identify
 j - a scroll of blinking
 m - 3 scrolls of teleportation
 q - a scroll of fog
 E - a scroll of enchant weapon
 F - a scroll of noise
Potions
 d - a potion of curing
 k - 2 potions of heal wounds
 v - a potion of flight
 w - a potion of ambrosia
Books
 b - a book of Air

   Spells                             Type                      Level
   a - Shock                          Conjuration/Air              1
   b - Swiftness                      Charms/Air                   2
   c - Repel Missiles                 Charms/Air                   2
   d - Flight                         Charms/Air                   3
   e - Static Discharge               Conjuration/Air              3
   f - Lightning Bolt                 Conjuration/Air              5
 s - a book of Party Tricks

   Spells                             Type                      Level
   a - Summon Butterflies             Summoning                    1
   b - Apportation                    Translocation                1
   c - Tukima's Dance                 Hexes                        3
   d - Alistair's Intoxication        Transmutation/Poison         4
   e - Invisibility                   Hexes                        6
Comestibles
 a - a beef jerky
 c - 3 bread rations {@e1}
 f - 2 meat rations {@e2}
 g - 6 fruits
 z - 2 chunks of flesh {@w0}


   Skills:
 - Level 1.2 Fighting
 - Level 1.7 Dodging
 - Level 1.7 Stealth
 - Level 4.3 Spellcasting
 - Level 6.1 Conjurations
 - Level 1.0 Charms
 + Level 5.4 Air Magic


You had 3 spell levels left.
You knew the following spells:

 Your Spells              Type           Power        Failure   Level  Hunger
l - Lightning Bolt        Conj/Air       ###.......   45%         5    ######.
r - Repel Missiles        Chrm/Air       ##....       10%         2    ##.....
s - Swiftness             Chrm/Air       ##......     10%         2    ##.....
z - Shock                 Conj/Air       ###.         1%          1    None


Dungeon Overview and Level Annotations

Branches:
Dungeon (5/15)
 Temple: D:4-7

Altars:
Ashenzari
Elyvilon
Fedhas
Gozag
Kikubaaqudgha
Makhleb
Ru
Vehumet
Xom
The Shining One

Shops:
D:4 :


Innate Abilities, Weirdness & Mutations

Your plain brown scales are hard (AC +6).
Your body does not fit into most forms of armour.
Your cold-blooded metabolism reacts poorly to cold.


Message History

Press: ? - help, Shift-Dir - straight line, f/p - fire bat
Aim: a fire bat (severely wounded)
You throw a stone.
The stone hits the fire bat but does no damage.
The fire bat is severely wounded.
The fire bat completely misses you.
You closely miss the fire bat.
The fire bat is severely wounded.
The fire bat bites you but does no damage.
Throwing (i - inventory):
y - 95 stones (quivered)
Press: ? - help, Shift-Dir - straight line, f/p - fire bat
Aim: a fire bat (severely wounded)
You throw a stone. The stone barely misses the fire bat.
The fire bat bites you but does no damage.
You miss the fire bat.
Your tail-slap misses the fire bat.
The fire bat is severely wounded.
The fire bat bites you.
* * * LOW HITPOINT WARNING * * *
You are engulfed in flames.
You die...

.. #.#............##...... .
...##...#...................
.................###.#......
#...###..........(..........
##...........####.#.#......
#.####.#...#####...#......
#.......###.............
[..##....###.##########.
.(......b@........#
...##....########... .
######


You could see a fire bat.

Vanquished Creatures
  3 hounds (D:4)
  3 orc wizards
  A quasit (D:3)
  3 worker ants
  An adder (D:3)
  A giant mite (D:2)
  3 worms
  An adder skeleton (D:3)
  3 giant geckos
  3 oozes
  10 orcs
  6 giant cockroaches
  7 goblins
  9 hobgoblins
  9 jackals
  A quokka (D:4)
  A ball python (D:1)
  12 bats
  3 giant newts
  6 kobolds
  7 rats
93 creatures vanquished.

Notes
Turn   | Place    | Note
--------------------------------------------------------------
     0 | D:1      | hannobal, the Draconian Air Elementalist, began the quest for the Orb.
     0 | D:1      | Reached XP level 1. HP: 14/14 MP: 3/3
    85 | D:1      | Reached skill level 4 in Spellcasting
    85 | D:1      | Reached skill level 5 in Air Magic
    85 | D:1      | Reached XP level 2. HP: 20/20 MP: 4/7
    89 | D:1      | Learned a level 2 spell: Swiftness
    92 | D:1      | Learned a level 2 spell: Repel Missiles
   461 | D:1      | Found a glowing golden altar of the Shining One.
   572 | D:1      | You fall through a shaft!
   673 | D:2      | Reached XP level 3. HP: 16/26 MP: 1/9
   986 | D:1      | Reached skill level 1 in Charms
  1704 | D:2      | Reached XP level 4. HP: 33/33 MP: 4/11
  2189 | D:3      | Found an ancient bone altar of Kikubaaqudgha.
  2847 | D:3      | Found a shattered altar of Ashenzari.
  2852 | D:3      | Found a blossoming altar of Fedhas.
  2852 | D:3      | Found an opulent altar of Gozag.
  2857 | D:3      | Found a white marble altar of Elyvilon.
  2857 | D:3      | Found a glowing golden altar of the Shining One.
  2858 | D:3      | Found a shimmering altar of Xom.
  2859 | D:3      | Found a sacrificial altar of Ru.
  2860 | D:3      | Found a radiant altar of Vehumet.
  2862 | D:3      | Found a burning altar of Makhleb.
  2866 | D:3      | Became a worshipper of Vehumet
  2920 | D:4      | Reached skill level 5 in Conjurations
  2920 | D:4      | Reached XP level 5. HP: 32/38 MP: 1/13
  2933 | D:4      | Learned a level 5 spell: Lightning Bolt
  3426 | D:4      | Reached skill level 1 in Fighting
  3460 | D:4      | Reached XP level 6. HP: 47/47 MP: 12/15
  3689 | D:4      | Acquired Vehumet's first power
  3689 | D:4      | Offered knowledge of Flame Tongue by Vehumet.
  3689 | D:4      | Reached skill level 6 in Conjurations
  3821 | D:4      | Found Wautt's Book Shoppe.
  3860 | D:5      | Entered Level 5 of the Dungeon
  4066 | D:5      | Noticed a fire bat
  4066 | D:5      | a sky beast changed into a fire bat
  4078 | D:5      | Slain by a fire bat

Action                   |  1- 3 |  4- 6 || total
-------------------------+-------+-------++-------
Melee: Unarmed           |     6 |       ||     6
       Club              |     1 |       ||     1
       Mace              |       |     1 ||     1
       Dire flail        |       |     5 ||     5
       War axe           |       |    11 ||    11
Throw: Tomahawk          |       |     4 ||     4
       Stone             |       |     2 ||     2
 Cast: Shock             |    87 |   167 ||   254
       Repel Missiles    |     1 |       ||     1
Evoke: Wand              |       |     1 ||     1
  Use: Potion            |     5 |     1 ||     6
       Scroll            |     8 |     7 ||    15
  Eat: Chunk             |     2 |     8 ||    10
